 Dungeon Crawl Stone Soup version 0.29-a0-344-ge2f44be95a (webtiles) character file.

Game seed: 10378599883684564087

39 spiderkeys the Skirmisher (level 3, -1/33 HPs)
             Began as a Ghoul Abyssal Knight on Apr 21, 2022.
             Was a Believer of Lugonu.
             Slain by a rat (2 damage)
             ... on level 2 of the Dungeon.
             The game lasted 00:02:00 (976 turns).

spiderkeys the Skirmisher (Ghoul Abyssal Knight)     Turns: 976, Time: 00:02:01

Health: -1/33      AC:  5    Str: 18    XL:     3   Next: 47%
Magic:  1/3        EV: 10    Int:  5    God:    Lugonu [**....]
Gold:   75         SH:  0    Dex:  9    Spells: 2/2 levels left

rFire   . . .      SeeInvis .   c - +0 short sword (elec)
rCold   + . .      Faith    .   (no shield)
rNeg    + + +      Spirit   .   i - +0 ring mail
rPois   ∞          Reflect  .   (no helmet)
rElec   .          Harm     .   (no cloak)
rCorr   .          Rampage  .   (no gloves)
Will    .....                   (no boots)
Stlth   ..........              (no amulet)
HPRegen 0.00/turn               (no ring)
MPRegen 0.08/turn               (no ring)

@: attractive, inhibited regen
A: claws 1, cold resistance 1, negative energy resistance 3, inhibited
regeneration, torment resistance 2, devour on kill
a: Renounce Religion, Depart the Abyss, Bend Space


You were on level 2 of the Dungeon.
You worshipped Lugonu.
Lugonu was pleased with you.
You visited 1 branch of the dungeon, and saw 2 of its levels.
You visited the Abyss 1 time.

You collected 75 gold pieces.


Innate Abilities, Weirdness & Mutations

You are immune to poison.
You have sharp fingernails.
Your flesh is cold resistant. (rC+)
You are immune to negative energy. (rN+++)
You do not regenerate when monsters are visible.
You are immune to unholy pain and torment.
You thrive by killing the living.


   Skills:
 + Level 3.7 Fighting
 + Level 2.2 Axes
 + Level 2.2 Armour
 - Level 1.0 Dodging
 + Level 2.6 Invocations


You had 2 spell levels left.
You didn't know any spells.
Your spell library was empty.

Inventory:

Hand Weapons
 a - a +1 hand axe
 c - a +0 short sword of electrocution (weapon)
   (You took it off a kobold on level 1 of the Dungeon)
 d - a +0 battleaxe
   (You found it on level 1 of the Dungeon)
Missiles
 e - 48 stones
Armour
 i - a +0 ring mail (worn)
   (You found it on level 1 of the Dungeon)
Scrolls
 f - a scroll of teleportation {unknown}
 g - a scroll of vulnerability {unknown}
 h - a scroll of identify {unknown}

Dungeon Overview and Level Annotations

Branches:
Dungeon (1/15)

Altars:

....... #...#
....... ...).
....... #.....
........ ..≈≈≈≈
##......#.≈≈≈≈≈
.........≈≈≈≈≈≈
.##....r#≈≈≈≈≈≈≈
........@≈≈≈###
........w≈≈≈#..
......#.≈≈≈≈#._.
......#.§≈≈≈#...
.?....#..≈≈≈##+##≈
.........≈≈≈≈..≈≈
.....##†..≈≈≈..##≈
......#....≈.....≈
........†...?.....


You could see a worm and a rat.


Message History

You kill the rat!
Lugonu accepts your kill. The frilled lizard bites you. 😮 HP[-2]
You take 2 damage, and now have 19/33 hp.
You closely miss the frilled lizard. The frilled lizard barely misses you.
You miss the frilled lizard. The frilled lizard barely misses you.
You hit the frilled lizard.
Lightning courses through the frilled lizard!
You kill the frilled lizard!
Lugonu accepts your kill.
A bat comes into view.
You see here a frilled lizard corpse.
The bat closely misses you.
A bat is nearby!
You closely miss the bat. The bat hits you but does no damage.
A ball python comes into view.
The bat hits you but does no damage. The bat hits you but does no damage.
You miss the bat. The bat barely misses you. x2
You hit the bat. The bat barely misses you.
The bat hits you but does no damage. The bat hits you but does no damage.
Things that are here:
a +0 dagger; a stone The bat hits you but does no damage.
The bat barely misses you. The bat barely misses you.
The bat hits you but does no damage.
You closely miss the bat. The bat misses you. The bat barely misses you.
You hit the bat.
You kill the bat!
Lugonu accepts your kill.
You start resting.
A ball python is nearby! 😕 HP[+7]
You regained 7 hp, and now have 26/33 hp.
A ball python is nearby!
The ball python hisses angrily.
You see here a frilled lizard corpse.
A worm comes into view.
The ball python barely misses you. The ball python grabs you.
The ball python constricts you. 😕 HP[-1]
You take 1 damage, and now have 25/33 hp.
You completely miss the ball python. The ball python bites you.
The ball python constricts you. 😮 HP[-3]
You take 3 damage, and now have 22/33 hp.
You are too injured to fight recklessly!
You are too injured to fight recklessly!
You barely miss the ball python. The ball python completely misses you.
The ball python constricts you.
You closely miss the ball python. The ball python bites you.
The ball python constricts you. The ball python barely misses you.
The ball python constricts you. 😮 HP[-1]
You take 1 damage, and now have 21/33 hp.
You hit the ball python.
Lightning courses through the ball python!
You kill the ball python!
Lugonu accepts your kill.
You see here a ball python corpse.
You barely miss the worm. The worm bites you. 😮 HP[-4]
You take 4 damage, and now have 17/33 hp.
You hit the worm but do no damage. The worm misses you.
You hit the worm but do no damage. You barely miss the worm.
The worm bites you.
* * * LOW HITPOINT WARNING * * *
😨 HP[-5]
You take 5 damage, and now have 12/33 hp.
You hit the worm. You hit the worm. The worm bites you!
* * * LOW HITPOINT WARNING * * *
😱 HP[-7]
You take 7 damage, and now have 5/33 hp.
MASSIVE DAMAGE!! (PAUSE) Space bends violently around you!
You blink.
A rat comes into view.
Found a faded altar of an unknown god. 😱 HP[-2] MP[-1]
You take 2 damage, and now have 3/33 hp.
You lost 1 mp, and now have 2/3 mp.
Unknown command.
Unknown command.
Space bends violently around you!
You blink. 😱 HP[-2] MP[-1]
You take 2 damage, and now have 1/33 hp.
You lost 1 mp, and now have 1/3 mp.
Unknown command.
It was a potion of attraction.
You feel attractive to monsters. The worm is attracted toward you.
You barely miss the rat. The rat bites you.
You die...

Skill      XL: |  1  2 |
---------------+-------+-----
Dodging        | 1 |  1.0
Armour         | 2 |  2.2
Axes           | 2 |  2.2
Fighting       | |  3.7
Invocations    | |  2.6

Action                   || total
-------------------------++-------
Melee: Hand axe          ||     9
       Short sword       ||   126
       Punch             ||     1
Invok: Bend Space        ||     2
  Use: Potion            ||     1
Armor: Leather armour    ||    26
       Ring mail         ||    81
Dodge: Dodged            ||   123

Levels and vault maps discovered:
D:1:      minmay_arrival_shoal_huts, layout_loops_ring,
          amcnicky_mini_rare_corridor_liquid, chequers_decorated_corner
D:2:      layout_rooms, nicolae_ecumenical_lake_church, uniq_natasha

Notes
Turn   | Place    | Note
-------+----------+-------------------------------------------
     0 | Abyss:1  | spiderkeys the Ghoul Abyssal Knight began the quest for the
                  | Orb.
     0 | Abyss:1  | Reached XP level 1. HP: 19/19 MP: 1/1
     0 | Abyss:1  | magus.rc [v1.11.3]
    17 | D:1      | You pass through the gate.
    17 | D:1      | Escaped the Abyss
    36 | D:1      | Reached skill level 1 in Dodging
    94 | D:1      | Reached XP level 2. HP: 19/26 MP: 2/2
   198 | D:1      | Reached skill level 2 in Armour
   224 | D:1      | Reached skill level 2 in Axes
   825 | D:1      | Reached XP level 3. HP: 31/31 MP: 3/3
   855 | D:1      | You fall into a shaft and drop 1 floor!
   972 | D:2      | HP: 5/33 [worm (7)]
   973 | D:2      | Found a faded altar of an unknown god.
   976 | D:2      | Slain by a rat

Vanquished Creatures
  An adder (D:2)
  4 ball pythons
  6 bats
  An endoplasm (D:1)
  2 giant cockroaches (D:1)
  3 goblins (D:1)
  3 hobgoblins (D:1)
  2 frilled lizards
  3 kobolds
  5 rats
30 creatures vanquished.

Table legend:
 A = Non-vault XP
 B = Vault XP
 C = Vault XP percentage of total XP
 D = Non-vault monster count
 E = Vault monster count
 F = Vault count percentage of total count
                 A         B        C        D         E       F
            +---------+---------+-------+---------+---------+-------
      Total |      57 |       0 |   0.0 |      30 |       0 |   0.0
            +---------+---------+-------+---------+---------+-------
        D:1 |      36 |       0 |   0.0 |      23 |       0 |   0.0
        D:2 |      21 |       0 |   0.0 |       7 |       0 |   0.0
            +---------+---------+-------+---------+---------+-------

Illustrated notes

Table legend:
 A = Kills in this place as a percentage of kills in entire the game.
 B = Kills by you in this place as a percentage of kills by you in the entire game.
 C = Kills by friends in this place as a percentage of kills by friends in the entire game.
 D = Other kills in this place as a percentage of other kills in the entire game.
 E = Experience gained in this place as a percentage of experience gained in the entire game.
 F = Experience gained in this place divided by the number of levels of this place that you have seen.
                   A       B       C       D       E      F
               +-------+-------+-------+-------+-------+----------------------
         Total | 100.0 | 100.0 |   N/A |   N/A | 100.0 |  19.0
       Dungeon | 100.0 | 100.0 |   N/A |   N/A | 100.0 |  28.5
               +-------+-------+-------+-------+-------+----------------------

Table legend: (Time is in decaauts)
 A = Elapsed time spent in this place.
 B = Non-inter-level travel time spent in this place.
 C = Inter-level travel time spent in this place.
 D = Time resting spent in this place.
 E = Time spent auto-exploring this place.
 F = Levels seen in this place.
 G = Mean time per level.
                   A        B        C        D        E       F      G
               +--------+--------+--------+--------+--------+-----+--------+
         Total |   1000 |   1000 |      0 |    143 |    550 |   3 |  333.3 |
       Dungeon |    983 |    983 |      0 |    143 |    542 |   2 |  491.5 |
         Abyss |     17 |     17 |      0 |      0 |      8 |   1 |   17.0 |
               +--------+--------+--------+--------+--------+-----+--------+

Top non-repeatable levels by time:
     D:1: 858 daAuts
     D:2: 124 daAuts
 Abyss:1: 17 daAuts
